 Dungeon Crawl Stone Soup version 0.19-a0-1740-g0bcaf2e (webtiles) character file.

4256 4thArraOfDagon the Grappler (level 10, 0/92 HPs)
             Began as a Troll Monk on Oct 1, 2016.
             Was a Believer of Qazlal.
             Killed from afar by an orc wizard (44 damage)
             ... with an exploding inner flame
             ... hexed by the player character
             ... on level 10 of the Dungeon.
             The game lasted 00:13:31 (2470 turns).

4thArraOfDagon the Grappler (Troll Monk)            Turns: 2470, Time: 00:13:31

Health: 0/92       AC:  7    Str: 21    XL:     10   Next: 10%
Magic:  11/14      EV: 13    Int:  9    God:    Qazlal [**....]
Gold:   290        SH:  3    Dex: 12    Spells: 0 memorised, 9 levels left

rFire  . . .     SeeInvis .       - Unarmed
rCold  + . .     Gourm    +     a - +0 robe
rNeg   . . .     Faith    .     (no shield)
rPois  +         Spirit   .     o - +2 hat {MR+}
rElec  .         Dismiss  .     v - -1 cloak
rCorr  .         Reflect  .     (gloves unavailable)
MR     +....     Harm     +     (boots unavailable)
Stlth  +.........               m - amulet of harm
                                d - ring of poison resistance
                                l - ring of protection from cold

@: about to teleport
A: unfitting armour, claws 3, horns 1, repulsion field 1, fast metabolism 3,
gourmand, regeneration 1, shaggy fur 1, tough skin 2
a: Upheaval, Renounce Religion


You were on level 10 of the Dungeon.
You worshipped Qazlal.
Qazlal was pleased with you.
You were full.

You visited 1 branch of the dungeon, and saw 10 of its levels.

You collected 290 gold pieces.

Inventory:

Hand Weapons
 g - a +0 giant spiked club
Missiles
 j - 5 tomahawks of returning (quivered)
Armour
 a - a +0 robe (worn)
 o - a +2 hat of magic resistance (worn)
 v - a -1 cloak (worn)
Jewellery
 d - a ring of poison resistance (right claw)
 l - a ring of protection from cold (left claw)
 m - an amulet of harm (around neck)
 n - an uncursed ring of resist corrosion
 s - an uncursed ring of protection from cold
Wands
 e - a wand of lightning (12/15)
 i - a wand of iceblast (8/15)
 k - a wand of flame (12/48)
 r - a wand of flame (31/48)
 x - a wand of disintegration (20/24)
Scrolls
 c - 2 scrolls of recharging
 h - 5 scrolls of remove curse
Potions
 p - 2 potions of haste
 t - a potion of brilliance
Comestibles
 b - 3 bread rations
 f - 3 meat rations
 u - 9 royal jellies


   Skills:
 + Level 3.7 Fighting
 + Level 3.8 Dodging
 - Level 1.1 Stealth
 * Level 11.6 Unarmed Combat
 + Level 7.0 Invocations


You had 9 spell levels left.
You didn't know any spells.

Dungeon Overview and Level Annotations

Branches:
Dungeon (10/15)            Temple (0/1) D:6
   Lair: D:8-11         Orc: D:9-12

Altars:
Ashenzari
Cheibriados
Gozag
Qazlal
Vehumet
Xom

Shops:
D:4 (

Portals:
Bailey: D:10

Annotations:
D:6 Prince Ribbit


Innate Abilities, Weirdness & Mutations

You are too large for most types of armour.
You have claws for hands.
Your metabolism is lightning-fast.
You like to eat raw meat.
Your natural rate of healing is unusually fast.
You are covered in fur. (AC +1)
You have very tough skin. (AC +2)
You have a pair of small horns on your head.
You are surrounded by a mild repulsion field. (EV +2)


Message History

The gnoll explodes!
The fiery explosion engulfs the gnoll shaman.
The gnoll shaman explodes!
The fiery explosion engulfs the orc warrior.
The orc warrior explodes!
Qazlal accepts your kill.
You hear a splash. x2
The fiery explosion engulfs you!
The fiery explosion engulfs the gnoll.
The gnoll explodes!
The fiery explosion engulfs the gnoll.
The gnoll explodes!
The fiery explosion engulfs the gnoll.
The gnoll explodes!
The fiery explosion engulfs the gnoll.
The gnoll explodes!
Qazlal accepts your kill.
The fiery explosion engulfs the orc wizard.
The orc wizard explodes!
The fiery explosion engulfs you!
You die...

.....≈≈≈#
#....≈≈≈# .
#g...≈≈≈# ..
#§§§.≈≈≈#
...####§)§..≈≈#
...§§§§§§§.≈≈≈#
...§§§§§§§≈≈≈≈#
....§§§@§§≈≈≈≈#
≈...§§§≈≈≈≈≈≈≈#
≈≈≈≈§§§≈≈≈≈≈≈≈#
≈≈≈≈≈≈≈≈≈≈≈≈≈≈#
###############


You could see a gnoll shaman.

Vanquished Creatures
  A deep elf mage (D:10)
  Maurice (D:8)
  2 two-headed ogres (D:9)
  Grum (D:10)
  3 orc warriors
  A sky beast (D:10)
  2 phantoms
  3 black bears
  3 wasps (D:8)
  An ice beast (D:5)
  4 ogres
  2 wolves (D:10)
  3 centaurs
  3 scorpions
  5 wights (D:10)
  A quasit (D:10)
  3 orc priests
  2 hounds
  A bullfrog skeleton (D:7)
  2 iguanas
  7 worker ants
  5 orc wizards (D:4)
  Robin (D:2)
  4 adders
  2 gnolls
  A leopard gecko (D:2)
  24 orcs
  A giant cockroach (D:1)
  9 goblins
  5 hobgoblins (D:2)
  3 jackals (D:4)
  2 quokkas
  2 bats (D:3)
  2 frilled lizards
  2 kobolds (D:2)
  A leopard gecko skeleton (D:4)
  A leopard gecko zombie (D:6)
  A quokka skeleton (D:4)
  A quokka zombie (D:6)
  2 rats
120 creatures vanquished.

Vanquished Creatures (others)
  6 fungi (D:10)
  A plant (D:10)
7 creatures vanquished.

Grand Total: 127 creatures vanquished

Notes
Turn   | Place    | Note
-------+----------+-------------------------------------------
     0 | D:1      | 4thArraOfDagon the Troll Monk began the quest for the Orb.
     0 | D:1      | Reached XP level 1. HP: 22/22 MP: 0/0
    57 | D:2      | Found a stormy altar of Qazlal.
    60 | D:2      | Became a worshipper of Qazlal Stormbringer
    60 | D:2      | Reached * piety under Qazlal
    60 | D:2      | Reached ** piety under Qazlal
   105 | D:2      | Noticed Robin
   123 | D:2      | Reached XP level 2. HP: 29/29 MP: 1/1
   182 | D:2      | Killed Robin
   182 | D:2      | Reached skill level 4 in Unarmed Combat
   182 | D:2      | Reached skill level 1 in Invocations
   182 | D:2      | Reached XP level 3. HP: 7/36 MP: 2/2
   325 | D:4      | Reached XP level 4. HP: 37/44 MP: 2/4
   387 | D:5      | Entered Level 5 of the Dungeon
   399 | D:5      | Found a radiant altar of Vehumet.
   412 | D:5      | Noticed a centaur
   423 | D:5      | Killed a centaur
   423 | D:5      | Reached skill level 5 in Unarmed Combat
   423 | D:5      | Reached XP level 5. HP: 35/50 MP: 5/5
   442 | D:5      | Noticed an ice beast
   458 | D:5      | Killed an ice beast
   483 | D:5      | Noticed a centaur
   500 | D:5      | Killed a centaur
   500 | D:5      | Reached skill level 6 in Unarmed Combat
   500 | D:5      | Reached XP level 6. HP: 10/59 MP: 7/7
   525 | D:6      | Found a staircase to the Ecumenical Temple.
   556 | D:6      | ofc
   660 | D:5      | Reached XP level 7. HP: 65/66 MP: 8/8
   723 | D:4      | Found an opulent altar of Gozag.
   754 | D:4      | Reached skill level 7 in Unarmed Combat
   894 | D:3      | Reached *** piety under Qazlal
  1054 | D:4      | Reached skill level 8 in Unarmed Combat
  1123 | D:6      | Noticed Prince Ribbit
  1205 | D:4      | Found Irebim's Weapon Emporium.
  1265 | D:4      | Found a shimmering altar of Xom.
  1265 | D:4      | Found a snail-covered altar of Cheibriados.
  1402 | D:7      | SaintRoka: there may be some more shops on D:4?
  1405 | D:7      | Gained mutation: You are surrounded by a mild repulsion field. (EV +2) [potion of mutation]
  1405 | D:7      | Gained mutation: You have a pair of small horns on your head. [potion of mutation]
  1440 | D:7      | 4thArraOfDagon: no, just 1
  1440 | D:4      | 4thArraOfDagon: level is almost fully explored
  1440 | D:4      | 4thArraOfDagon: so very small chance for more shops
  1451 | D:7      | Reached XP level 8. HP: 73/74 MP: 10/10
  1557 | D:7      | Reached skill level 9 in Unarmed Combat
  1621 | D:7      | Reached skill level 5 in Invocations
  1972 | D:8      | Reached skill level 10 in Unarmed Combat
  1985 | D:8      | Reached XP level 9. HP: 65/80 MP: 5/12
  2030 | D:8      | Noticed Maurice
  2043 | D:8      | Killed Maurice
  2163 | D:9      | Found a shattered altar of Ashenzari.
  2183 | D:9      | Reached skill level 11 in Unarmed Combat
  2257 | D:10     | Entered Level 10 of the Dungeon
  2388 | D:10     | Found a radiant altar of Vehumet.
  2388 | D:10     | Noticed a deep elf mage
  2388 | D:10     | Noticed Grum
  2390 | D:10     | Killed Grum
  2391 | D:10     | Killed a deep elf mage
  2391 | D:10     | Reached XP level 10. HP: 77/91 MP: 5/14
  2460 | D:10     | Found a flagged portal.
  2464 | D:10     | WTF
  2470 | D:10     | Killed from afar by an orc wizard

Vault maps used:
D:1:      minmay_arrival_radiant_lines, hex_medium, minmay_quantized
D:2:      lemuel_doored_altar, lemuel_blue_sif_altar, minmay_tetromino_l4,
          uniq_robin
D:3:      first_bread, minmay_misc_feat_enclosed, uniq_terence
D:4:      lemuel_round_altar, gammafunk_temple_overflow_wave,
          overflow_temple_1_default, serial_shops, nicolae_shop_stone
D:5:      vehumet_altar_wand_db, uniq_crazy_yiuf_cottage
D:6:      hangedman_abyss_or_decor_passed, kennysheep_generic_room_11,
          uniq_prince_ribbit1
D:7:      st_stairs_11, sigmund_army
D:8:      hangedman_pestilent_swarm, uniq_maurice
D:9:      nicolae_overflow_hidden_temple, lemuel_crystal_altar
D:10:     kennysheep_seaside_town, lair_0_dummy, enter_bailey_2,
          david_defended_altar_elf, uniq_grum

Skill      XL: |  1  2  3  4  5  6  7  8  9 |
---------------+----------------------------+-----
Unarmed Combat | 4 5 6 8 10 11 | 11.6
Invocations    | 1 2 3 4 5 7 |  7.0
Dodging        | 3 |  3.8
Fighting       | 3 |  3.7
Stealth        | |  1.1

Action                   |  1- 3 |  4- 6 |  7- 9 | 10-12 || total
-------------------------+-------+-------+-------+-------++-------
Melee: Unarmed           |    72 |    66 |   214 |    15 ||   367
       Punch             |     2 |     2 |     4 |     1 ||     9
       Headbutt          |       |       |    24 |     1 ||    25
Invok: Upheaval          |       |       |     9 |     1 ||    10
  Use: Potion            |       |     2 |     1 |       ||     3
       Scroll            |       |       |    12 |     2 ||    14
 Stab: Sleeping          |     1 |       |       |       ||     1
  Eat: Chunk             |     6 |     3 |    16 |       ||    25
Armor: Robe              |    20 |     7 |    36 |     3 ||    66
Dodge: Dodged            |    36 |    23 |   105 |    16 ||   180
Block: Other             |     8 |     9 |    21 |     1 ||    39
